 Dungeon Sprint DCSS version 0.19.1-1-g22dce08 (webtiles) character file.

246292 dvd the Skullcrusher (level 17, -19/310 (315) HPs)
             Began as a Troll Berserker on Jan 9, 2017.
             Was a High Priest of Trog.
             Demolished by an azure jelly (22 damage)
             ... created by the Royal Jelly
             ... in the Dungeon (Sprint III: "The Ten Rune Challenge").
             The game lasted 01:21:45 (8927 turns).

dvd the Skullcrusher (Troll Berserker)              Turns: 8927, Time: 01:21:46

HP:   -19/310 (315) AC: 18    Str: 44    XL:     17   Next: 19%
MP:   5/5           EV: 24    Int:  7    God:    Trog [*****.]
Gold: 1679          SH:  8    Dex: 24    Spells: 0 memorised, 16 levels left

rFire  + . .     SeeInvis +     S - +8 giant spiked club "Yphurghe" {antimagic, *Drain Str+10 SInv}
rCold  + . .     Gourm    +     u - +3 storm dragon scales "Mul Loatra" {*Drain rElec rN++ rCorr Stlth+}
rNeg   + + +     Faith    .     (shield currently unavailable)
rPois  +         Spirit   .     B - +3 crown of Dyrovepreva {rElec Int+2 SInv}
rElec  +         Reflect  +     Q - +2 cloak {rPois}
rCorr  +         Harm     .     (gloves unavailable)
MR     +....     NoTele   +     (boots unavailable)
Stlth  ..........               m - +4 amulet of reflection
                                G - +5 ring of dexterity
                                R - ring of Seaqurph {Wiz rC+ rN+ Dex+5}

@: berserking, corroded, studying Slings, very quick
A: unfitting armour, claws 3, repulsion field 1, large bone plates 1, clever 1,
deformed body, deterioration 1, fire resistance 1, fast metabolism 3, gourmand,
regeneration 1, screaming 1, shaggy fur 1, tough skin 2, no device heal 1
a: Berserk, Trog's Hand, Brothers in Arms, Burn Spellbooks, Renounce Religion
}: 5/10 runes: decaying, serpentine, silver, golden, demonic


You were in the Dungeon.
You worshipped Trog.
Trog was extremely pleased with you.
You were very hungry.

You visited 1 branch You collected 4404 gold pieces.
You spent 2725 gold pieces at shops.

Inventory:

Hand Weapons
 a - a +10 antimagic giant spiked club
 n - the +9 giant spiked club "Laegouh" {venom, Stlth+}
   (Trog gifted it to you in the Dungeon)

   It poisons the flesh of those it strikes.
   It makes you more stealthy.
 w - the +6 giant club "Fosch" {drain, Str+6}
   (Trog gifted it to you in the Dungeon)

   A truly terrible weapon, it drains the life of those it strikes.
   It affects your strength (+6).
 y - a +8 dire flail of holy wrath
 F - the +8 bow of Krishna "Sharnga" {speed, Dex+3 SInv}
   (Trog gifted it to you in the Dungeon)

   Attacks with this weapon are significantly faster.
   It affects your dexterity (+3).
   It lets you see invisible.
 H - the +3 giant club "Imumudghafa" {venom, rPois Str+4 Dex-4}
   (Trog gifted it to you in the Dungeon)

   It poisons the flesh of those it strikes.
   It affects your strength (+4).
   It affects your dexterity (-4).
   It protects you from poison.
 K - the +9 giant club "Thing" {chaos, rN+}
   (Trog gifted it to you in the Dungeon)

   Each time it hits an enemy it has a different, random effect.
   It protects you from negative energy.
 S - the +8 giant spiked club "Yphurghe" (weapon) {antimagic, *Drain Str+10 SInv}
   (Trog gifted it to you in the Dungeon)

   It reduces the magical energy of the wielder, and disrupts the spells and
   magical abilities of those hit.
   Natural abilities and divine invocations are not affected.
   It affects your strength (+10).
   It lets you see invisible.
   It causes draining when unequipped.
Missiles
 b - 6 poisoned javelins
 i - 5 tomahawks of returning
 q - 5 javelins of penetration
 x - 32 large rocks (quivered)
 z - 5 tomahawks
 E - 3 javelins
 L - 6 steel javelins
 N - 6 javelins of returning
 W - 12 silver javelins
Armour
 c - a +2 hat of spirit shield
 u - the +3 storm dragon scales "Mul Loatra" (worn) {*Drain rElec rN++ rCorr Stlth+}
   (You acquired it in the Dungeon)

   It insulates you from electricity.
   It greatly protects you from negative energy.
   It protects you from acid and corrosion.
   It causes draining when unequipped.
   It makes you more stealthy.
 B - the +3 crown of Dyrovepreva (worn) {rElec Int+2 SInv}
   (You acquired it in the Dungeon)

   It affects your intelligence (+2).
   It insulates you from electricity.
   It lets you see invisible.
 C - the +15 gold dragon scales of Laepp {+Inv rElec rPois rF+ rC+ MR+ Int+4}
   (You bought it in a shop in the Dungeon)

   It affects your intelligence (+4).
   It protects you from fire.
   It protects you from cold.
   It insulates you from electricity.
   It protects you from poison.
   It affects your resistance to hostile enchantments.
   It lets you turn invisible.
 M - a +1 cloak of invisibility
 Q - a +2 cloak of poison resistance (worn)
Jewellery
 m - a +4 amulet of reflection (around neck)
 A - an uncursed ring of positive energy
 G - a +5 ring of dexterity (right claw)
 R - the ring of Seaqurph (left claw) {Wiz rC+ rN+ Dex+5}
   (You found it in the Dungeon)

   [ring of wizardry]

   It improves your spell success rate.
   It affects your dexterity (+5).
   It protects you from cold.
   It protects you from negative energy.
 Y - the amulet "Sizaemol" {*Slow rF+ MR+ Regen+}
   (You found it in the Dungeon)

   [amulet of regeneration]

   It protects you from fire.
   It affects your resistance to hostile enchantments.
   It increases your rate of regeneration.
   It may slow you when you take damage.
 Z - the amulet "Xiteehod" {+Rage Int+4 Dex+6}
   (You found it in the Dungeon)

   [amulet of rage]

   It affects your intelligence (+4).
   It affects your dexterity (+6).
   It lets you go berserk.
Wands
 k - a wand of heal wounds (5/9)
 r - a wand of acid (5/15)
 t - a wand of heal wounds (2/9)
 v - a wand of digging (12/24)
 D - a wand of teleportation (3/9)
 T - a wand of disintegration (10/24)
 U - a wand of iceblast (9/15)
Scrolls
 j - 4 scrolls of remove curse
 J - 8 scrolls of identify
 O - 3 scrolls of acquirement
 X - a scroll of silence
Potions
 d - 4 potions of curing
 e - a potion of heal wounds
 f - 2 potions of haste
 g - 2 potions of magic
 h - a potion of berserk rage
 p - 3 potions of cure mutation
 I - a potion of agility
Books
 P - a manual of Slings
Comestibles
 l - a bread ration
 o - 30 royal jellies
 s - 10 fruits
 V - 5 meat rations


   Skills:
 + Level 22.6 Fighting
 O Level 27 Maces & Flails
 + Level 14.6 Throwing
 * Level 20.0 Armour
 * Level 17.1 Dodging
 + Level 7.5 Stealth
 + Level 2.3 Evocations


You had 16 spell levels left.
You didn't know any spells.

Dungeon Overview and Level Annotations

Branches:
Dungeon (1/1)

Altars:
Cheibriados
Dithmenos
Elyvilon
Fedhas
Gozag
Hepliaklqana
Kikubaaqudgha
Makhleb
Nemelex Xobeh
Okawaru
Qazlal
Ru
Sif Muna
Trog
Uskayaw
Vehumet
Xom
Yredelemnul
Zin
The Shining One
Beogh
Jiyva
Lugonu

Shops:
D (=%:=[![}}}%:(?(?}%[![=:


Innate Abilities, Weirdness & Mutations

You are too large for most types of armour.
You have claws for hands.
Your metabolism is lightning-fast.
You like to eat raw meat.
Your natural rate of healing is unusually fast.
You are covered in fur. (AC +1)
You have very tough skin. (AC +2)
You are surrounded by a mild repulsion field. (EV +2)
You are partially covered in large bone plates. (SH +4)
Your mind is acute. (Int +2)
Armour fits poorly on your strangely shaped body.
Your body sometimes deteriorates upon taking damage.
Your flesh is heat resistant. (rF+)
You occasionally shout uncontrollably at your foes.
Potions and wands are less effective at restoring your health.


Message History

The azure jelly freezes you! You resist.
* * * LOW HITPOINT WARNING * * *
The azure jelly misses you. You block the azure jelly's attack.
Unknown command.
You stick the azure jelly like a pincushion!!!!
The azure jelly is almost dead.
The death ooze closely misses you. The death ooze misses you.
The azure jelly hits you but does no damage.
The azure jelly closely misses you. The azure jelly misses you.
The azure jelly hits you but does no damage.
You block the death ooze's attack. The death ooze hits you.
* * * LOW HITPOINT WARNING * * *
You closely miss the azure jelly.
The azure jelly is almost dead.
The acid blob barely misses you.
The death ooze hits you but does no damage. x2
The azure jelly closely misses you. The azure jelly hits you.
* * * LOW HITPOINT WARNING * * *
The azure jelly freezes you!! You resist.
You die... ##.......## ######### ##(........## ##....... #.(..###....# #÷÷...... #...##$##...# #.÷###### ##..#)φ}#..## #.÷....†. #.(.##)##J..# ##....... #(..J###JJ..# ######## ##..JJJJJJJ#*

##.....). ##.JJ@JJJ##
#∩....).. ###JJJ###
#∩)###### #####
#∩....... ##.......
########
***********************
*≈,,,,,,,,,,,**,+,,*,,,
*≈≈,,,,,,******,*,,+,,*
*≈≈≈≈,,,,≈≈≈≈**,****,,*


You could see 4 acid blobs, 9 azure jellies and 6 death oozes.

Vanquished Creatures
  the Royal Jelly (D)
  Mennas (D)
  Mara (D)
  2 greater mummies (D)
  Boris (D)
  Frederick (D)
  Nikola (D)
  A golden dragon (D)
  Nellie (D)
  A lich (D)
  Rupert (D)
  A deep elf blademaster (D)
  3 titans (D)
  A sphinx (D)
  An acid blob (D)
  An ancient champion (D)
  Chuck (D)
  2 shadow dragons (D)
  Dowan (D)
  5 azure jellies (D)
  2 fire giants (D)
  An azure jelly (shapeshifter) (D)
  A nagaraja (D)
  A storm dragon (D)
  Roxanne (D)
  A frost giant (D)
  2 draconian knights (D)
  A ghost moth (D)
  A deep elf demonologist (D)
  2 vampire knights (D)
  Azrael (D)
  A deep elf death mage (D)
  A fire dragon (D)
  Snorg (D)
  A yaktaur captain (D)
  5 mummy priests (D)
  A deep elf high priest (D)
  16 vault guards (D)
  An ice dragon (D)
  A naga warrior (D)
  2 hydras (D)
  An anaconda (shapeshifter) (D)
  3 anacondas (D)
  2 hell beasts (D)
  An ogre mage (D)
  3 dancing weapons (D)
  3 centaur warriors (D)
  4 death yaks (D)
  A hell hog (shapeshifter) (D)
  2 sun demons (D)
  Urug (D)
  A deep elf knight (D)
  2 soul eaters (D)
  8 skeletal warriors (D)
  A small abomination (D)
  A shadow wraith (D)
  2 golden dragon zombies (D)
  4 statues (D)
  A death drake (D)
  An unseen horror (D)
  An obsidian statue (D)
  An orange crystal statue (D)
  A lindwurm (D)
  A lindwurm (shapeshifter) (D)
  A hill giant (shapeshifter) (D)
  An orc knight (D)
  4 shining eyes (D)
  5 ugly things (D)
  9 deep elf magi (D)
  2 crystal guardians (D)
  An iron troll simulacrum (D)
  A guardian serpent (D)
  3 stone giant skeletons (D)
  A molten gargoyle (D)
  2 black mambas (D)
  2 spiny frogs (D)
  A komodo dragon (D)
  2 anaconda simulacra (D)
  A rime drake (D)
  2 ice devils (D)
  8 guardian mummies (D)
  A queen bee (D)
  4 spriggan defenders (D)
  2 tyrant leeches (D)
  A hornet (D)
  An orc high priest (D)
  7 slime creatures (D)
  7 blink frogs (D)
  A shadow (D)
  3 redbacks (D)
  A spatial vortex (D)
  A warg (shapeshifter) (D)
  A naga (D)
  3 water moccasins (D)
  A hydra simulacrum (D)
  3 floating eyes (D)
  3 wandering mushrooms (D)
  An orc warrior (D)
  A swamp drake (D)
  A necrophage (D)
  A black mamba simulacrum (D)
  2 centaurs (D)
  An earth elemental (D)
  A water elemental (D)
  32 killer bees (D)
  3 electric eels (D)
  A jelly (D)
  3 orc priests (D)
  Jessica (D)
  A wizard (D)
  A necromancer (D)
  A polar bear simulacrum (D)
  2 wolf simulacra (D)
  A kobold demonologist (D)
  3 humans (D)
  A wolf (D)
  An adder (D)
  2 swamp drake simulacra (D)
  2 oozes (D)
  3 orcs (D)
  A rat (D)
  2 ballistomycetes (D)
  5 butterflies (D)
  4 plants (D)
282 creatures vanquished.

Vanquished Creatures (collateral kills)
  A sphinx (D)
  Gastronok (D)
  A fire giant (D)
  2 dire elephants (D)
  5 mummy priests (D)
  A vault guard (D)
  A dancing weapon (D)
  A skeletal warrior (D)
  A spriggan druid (D)
  An orc knight (D)
  2 crystal guardians (D)
  An orc sorcerer (D)
  2 oklob plants (D)
  2 elephants (D)
  5 black mambas (D)
  4 statues (D)
  Duvessa (D)
  3 guardian mummies (D)
  A blink frog (D)
  2 spriggans (D)
  A naga (D)
  5 water moccasins (D)
  An orc warrior (D)
  3 orc wizards (D)
  3 orc priests (D)
  4 adders (D)
  5 orcs (D)
60 creatures vanquished.

Vanquished Creatures (others)
  2 draconian scorchers (D)
  A mummy priest (D)
  A hydra (D)
  6 hellions (D)
  3 yaktaurs (D)
  2 guardian mummies (D)
  2 hornets (D)
  2 ball lightnings (D)
  6 ballistomycete spores (D)
  A bush (D)
  10 plants (D)
36 creatures vanquished.

Grand Total: 378 creatures vanquished

Notes
Turn   | Place    | Note
-------+----------+-------------------------------------------
     0 | D        | dvd the Troll Berserker began the quest for the Orb.
     0 | D        | Reached XP level 1. HP: 22/22 MP: 0/0
     8 | D        | Reached skill level 3 in Maces & Flails
    13 | D        | Reached XP level 2. HP: 24/31 MP: 1/1
    27 | D        | Noticed Jessica
    32 | D        | Killed Jessica
    32 | D        | Reached ** piety under Trog
    32 | D        | Reached skill level 4 in Maces & Flails
    32 | D        | Reached XP level 3. HP: 29/39 MP: 2/2
    49 | D        | Killed a yaktaur
    80 | D        | Killed a hellion
    90 | D        | Reached *** piety under Trog
    90 | D        | Reached skill level 5 in Maces & Flails
    90 | D        | Reached XP level 4. HP: 9/49 MP: 3/3
   103 | D        | Killed a hellion
   103 | D        | Killed a hellion
   104 | D        | Killed a hellion
   120 | D        | Killed a hellion
   146 | D        | Gained mutation: Your body sometimes deteriorates upon taking damage. [potion of mutation]
   146 | D        | Gained mutation: You are partially covered in large bone plates. (SH +4) [potion of mutation]
   146 | D        | Gained mutation: Your flesh is heat resistant. (rF+) [potion of mutation]
   147 | D        | Gained mutation: Scrolls take you a little longer to read. [potion of mutation]
   147 | D        | Lost mutation: Scrolls take you a little longer to read. [potion of mutation]
   154 | D        | Killed a hellion
   161 | D        | Noticed a water elemental
   167 | D        | Killed a water elemental
   167 | D        | Reached skill level 5 in Fighting
   167 | D        | Reached skill level 5 in Dodging
   194 | D        | Killed a white draconian scorcher
   219 | D        | Found a radiant altar of Vehumet.
   219 | D        | Found a deep blue altar of Sif Muna.
   219 | D        | Found an ancient bone altar of Kikubaaqudgha.
   219 | D        | Noticed a wizard
   224 | D        | Killed a wizard
   224 | D        | Reached skill level 6 in Maces & Flails
   224 | D        | Reached XP level 5. HP: 57/57 MP: 4/4
   230 | D        | Reached **** piety under Trog
   238 | D        | Killed a white draconian scorcher
   278 | D        | Found a glowing silver altar of Zin.
   278 | D        | Found a glowing golden altar of the Shining One.
   278 | D        | Found a white marble altar of Elyvilon.
   279 | D        | Noticed a deep elf mage
   295 | D        | Killed a deep elf mage
   295 | D        | Reached ***** piety under Trog
   295 | D        | Reached skill level 9 in Maces & Flails
   295 | D        | Reached skill level 1 in Stealth
   295 | D        | Reached XP level 6. HP: 71/71 MP: 5/5
   295 | D        | Reached XP level 7. HP: 78/78 MP: 6/6
   345 | D        | Found a hide-covered altar of Uskayaw.
   345 | D        | Found a roughly hewn altar of Beogh.
   345 | D        | Found an iron altar of Okawaru.
   345 | D        | Found a bloodstained altar of Trog.
   345 | D        | Noticed a human
   346 | D        | Noticed a human
   352 | D        | Killed a human
   362 | D        | Killed a human
   362 | D        | Reached skill level 10 in Maces & Flails
   382 | D        | Found a basalt altar of Yredelemnul.
   382 | D        | Found a shadowy altar of Dithmenos.
   382 | D        | Found a sacrificial altar of Ru.
   394 | D        | Received a gift from Trog
   413 | D        | Noticed a shadow
   421 | D        | Killed a shadow
   421 | D        | Reached skill level 11 in Maces & Flails
   421 | D        | Reached XP level 8. HP: 61/87 MP: 2/7
   467 | D        | Found a blossoming altar of Fedhas.
   467 | D        | Found a stormy altar of Qazlal.
   467 | D        | Found a snail-covered altar of Cheibriados.
   467 | D        | Found a burning altar of Makhleb.
   467 | D        | Found a shimmering altar of Xom.
   468 | D        | Found a hazy altar of Hepliaklqana.
   468 | D        | Found an opulent altar of Gozag.
   468 | D        | Found a sparkling altar of Nemelex Xobeh.
   468 | D        | Found a corrupted altar of Lugonu.
   468 | D        | Found a viscous altar of Jiyva.
   486 | D        | Noticed Snorg
   499 | D        | Killed Snorg
   499 | D        | Reached skill level 12 in Maces & Flails
   499 | D        | Reached XP level 9. HP: 55/97 MP: 2/8
   586 | D        | Noticed an orc knight
   590 | D        | Received a gift from Trog
   591 | D        | Got a steaming giant club {god gift}
   592 | D        | Identified the +6 giant club "Fosch" {drain, Str+6} (Trog gifted it to you in the Dungeon)
   593 | D        | Noticed an orc sorcerer
   593 | D        | Killed an orc knight
   593 | D        | Reached skill level 13 in Maces & Flails
   595 | D        | Reached ****** piety under Trog
   596 | D        | Found Ufukloschu's Book Emporium.
   597 | D        | Killed an orc sorcerer
   597 | D        | Received a gift from Trog
   727 | D        | Noticed a centaur warrior
   741 | D        | Killed a centaur warrior
   741 | D        | Received a gift from Trog
   741 | D        | Reached skill level 10 in Fighting
   741 | D        | Reached skill level 14 in Maces & Flails
   814 | D        | Killed an unseen horror
   814 | D        | Reached XP level 10. HP: 98/109 MP: 9/9
   864 | D        | Reached skill level 15 in Maces & Flails
   893 | D        | Noticed a spiny frog
   893 | D        | Noticed a spiny frog
   898 | D        | Killed a spiny frog
   900 | D        | Killed a spiny frog
   900 | D        | Received a gift from Trog
   901 | D        | Got a bloodstained great mace {god gift}
   905 | D        | Identified the +3 great mace of the Elven Halls {protect, rPois rN+} (Trog gifted it to you in the Dungeon)
   934 | D        | Reached skill level 1 in Throwing
   957 | D        | Received a gift from Trog
   959 | D        | Reached skill level 16 in Maces & Flails
  1057 | D        | Noticed Rupert
  1074 | D        | Killed Rupert
  1074 | D        | Reached skill level 17 in Maces & Flails
  1074 | D        | Reached skill level 10 in Dodging
  1074 | D        | Reached skill level 5 in Stealth
  1074 | D        | Reached XP level 11. HP: 113/119 MP: 10/10
  1127 | D        | Noticed an azure jelly
  1127 | D        | Noticed an azure jelly
  1127 | D        | Noticed an azure jelly
  1127 | D        | Noticed an azure jelly
  1128 | D        | Noticed a dire elephant
  1128 | D        | Noticed a dire elephant
  1128 | D        | Noticed Gastronok
  1134 | D        | Killed a dire elephant
  1142 | D        | Killed a dire elephant
  1144 | D        | Received a gift from Trog
  1147 | D        | Killed Gastronok
  1246 | D        | Gained mutation: Your mind is acute. (Int +2) [potion of mutation]
  1246 | D        | Gained mutation: You have sharp toenails. [potion of mutation]
  1246 | D        | Lost mutation: You have sharp toenails. [potion of mutation]
  1269 | D        | Noticed a death yak
  1270 | D        | Noticed a death yak
  1273 | D        | Noticed a death yak
  1274 | D        | Noticed a death yak
  1278 | D        | Killed a death yak
  1278 | D        | Reached skill level 18 in Maces & Flails
  1281 | D        | Killed a death yak
  1285 | D        | Killed a death yak
  1285 | D        | Received a gift from Trog
  1289 | D        | Killed a death yak
  1311 | D        | Reached skill level 19 in Maces & Flails
  1389 | D        | Received a gift from Trog
  1525 | D        | Noticed an anaconda
  1525 | D        | Noticed an anaconda
  1528 | D        | Noticed an anaconda
  1529 | D        | Killed an anaconda
  1530 | D        | Received a gift from Trog
  1532 | D        | Killed an anaconda
  1532 | D        | Reached XP level 12. HP: 115/132 MP: 7/11
  1540 | D        | Killed an anaconda
  1721 | D        | Noticed a naga warrior
  1721 | D        | Noticed a nagaraja
  1724 | D        | Found Ijok's Antique Weapon Boutique.
  1724 | D        | Found Pitu's Jewellery Emporium.
  1730 | D        | Killed a naga warrior
  1735 | D        | Killed a nagaraja
  1735 | D        | Received a gift from Trog
  1736 | D        | Reached skill level 20 in Maces & Flails
  1744 | D        | Found Aratunef's Food Shop.
  1751 | D        | Bought a +3 ring of evasion for 210 gold pieces
  1751 | D        | Bought a cursed ring of loudness for 45 gold pieces
  1751 | D        | Bought an uncursed ring of protection from cold for 250 gold pieces
  1751 | D        | Bought a cursed amulet of inaccuracy for 20 gold pieces
  1772 | D        | Received a gift from Trog
  1781 | D        | Got a serpentine rune of Zot
  1949 | D        | Received a gift from Trog
  1979 | D        | Received a gift from Trog
  2011 | D        | Received a gift from Trog
  2025 | D        | Received a gift from Trog
  2031 | D        | Got a warped giant spiked club {god gift}
  2032 | D        | Identified the +9 giant spiked club "Laegouh" {venom, Stlth+} (Trog gifted it to you in the Dungeon)
  2123 | D        | Noticed Dowan
  2123 | D        | Noticed Duvessa
  2135 | D        | Killed Dowan
  2150 | D        | Killed Duvessa
  2233 | D        | Received a gift from Trog
  2311 | D        | Found Nel Hu Amun's Armour Shop.
  2311 | D        | Found Wennuch's Book Shoppe.
  2311 | D        | Found Pavuvilo's Gadget Emporium.
  2311 | D        | Found Uniblaem's Weapon Boutique.
  2311 | D        | Found Luzxaor's Food Emporium.
  2311 | D        | Found Bugon's Jewellery Shop.
  2311 | D        | Found Reyneet's Magic Scroll Boutique.
  2311 | D        | Found Callanet's Magic Scroll Shoppe.
  2311 | D        | Found Bulut's Antique Armour Emporium.
  2311 | D        | Found Ozas's Antique Weapon Shop.
  2311 | D        | Found Nyrhep's Distillery.
  2311 | D        | Found Buakhlih's Book Emporium.
  2360 | D        | Bought bloodstained gold dragon scales for 1615 gold pieces
  2370 | D        | Identified the +15 gold dragon scales of Laepp {+Inv rElec rPois rF+ rC+ MR+ Int+4} (You bought it in a shop in the Dungeon)
  2402 | D        | Reached skill level 1 in Armour
  2415 | D        | Received a gift from Trog
  2684 | D        | Noticed a centaur warrior
  2690 | D        | Killed a centaur warrior
  2705 | D        | Noticed a fire dragon
  2710 | D        | Killed a fire dragon
  2710 | D        | Reached XP level 13. HP: 145/145 MP: 4/12
  2750 | D        | Received a gift from Trog
  2750 | D        | Reached skill level 21 in Maces & Flails
  2775 | D        | Got a pitted giant spiked club
  2776 | D        | Identified the +5 giant spiked club "Ineankui" {flame, rPois} (You found it in the Dungeon)
  2992 | D        | Received a gift from Trog
  3005 | D        | Reached skill level 5 in Armour
  3006 | D        | Noticed Urug
  3014 | D        | Killed Urug
  3053 | D        | Received a gift from Trog
  3058 | D        | Reached skill level 15 in Fighting
  3180 | D        | Found a blossoming altar of Fedhas.
  3181 | D        | Paralysed by a spriggan for 4 turns
  3195 | D        | Paralysed by a spriggan for 4 turns
  3208 | D        | Killed a ghost moth
  3208 | D        | Received a gift from Trog
  3324 | D        | Received a gift from Trog
  3332 | D        | Got a warped scimitar
  3387 | D        | Identified the +3 scimitar "Zusuug" {pain, rC- Str+4 Stlth+} (You found it in the Dungeon)
  3461 | D        | Found Usoichye's Jewellery Emporium.
  3461 | D        | Found Caish's Antique Armour Shop.
  3465 | D        | Found Bireics's Distillery.
  3473 | D        | Bought a potion of heal wounds for 60 gold pieces
  3473 | D        | Bought 2 potions of curing for 72 gold pieces
  3473 | D        | Bought a potion of curing for 36 gold pieces
  3475 | D        | Bought an uncursed ring of see invisible for 180 gold pieces
  3493 | D        | Got a decaying rune of Zot
  3797 | D        | Noticed an ettin
  3797 | D        | an ice dragon changed into an ettin
  3798 | D        | Noticed a minotaur
  3798 | D        | an ettin changed into a minotaur
  3799 | D        | Received a gift from Trog
  3799 | D        | Reached skill level 22 in Maces & Flails
  3801 | D        | Noticed an azure jelly
  3801 | D        | a minotaur changed into an azure jelly
  3810 | D        | Killed an azure jelly
  3905 | D        | Noticed an ancient lich
  4062 | D        | Received a gift from Trog
  4066 | D        | Received a gift from Trog
  4074 | D        | Got a dazzling giant club {god gift}
  4075 | D        | Identified the +3 giant club "Imumudghafa" {venom, rPois Str+4 Dex-4} (Trog gifted it to you in the Dungeon)
  4083 | D        | Noticed Mara
  4084 | D        | Noticed a vampire knight
  4084 | D        | Noticed a vampire knight
  4091 | D        | Noticed dvd's illusion
  4101 | D        | Killed Mara
  4101 | D        | Reached XP level 14. HP: 85/161 MP: 0/13
  4116 | D        | Killed a vampire knight
  4116 | D        | Received a gift from Trog
  4116 | D        | Reached skill level 23 in Maces & Flails
  4123 | D        | Killed a vampire knight
  4279 | D        | Noticed an ancient champion
  4288 | D        | Killed an ancient champion
  4288 | D        | Reached skill level 10 in Armour
  4325 | D        | Received a gift from Trog
  4364 | D        | Noticed a storm dragon
  4365 | D        | Noticed Nikola
  4379 | D        | Killed a storm dragon
  4456 | D        | Received a gift from Trog
  4467 | D        | Killed Nikola
  4495 | D        | Got a crystal giant club {god gift}
  4496 | D        | Identified the +9 giant club "Thing" {chaos, rN+} (Trog gifted it to you in the Dungeon)
  4527 | D        | Found Wulutedo's Food Shoppe.
  4527 | D        | Found Kaupni's Gadget Shop.
  4667 | D        | Found Vaariul's Gadget Shop.
  4667 | D        | Found Mur Ypsipsi's Gadget Emporium.
  4691 | D        | Received a gift from Trog
  4755 | D        | Found Houcuafa's Armour Boutique.
  4766 | D        | Bought a +1 cloak of invisibility for 165 gold pieces
  4786 | D        | Noticed a mottled draconian knight
  4786 | D        | Noticed a red draconian knight
  4803 | D        | Killed a red draconian knight
  4803 | D        | Received a gift from Trog
  4808 | D        | Reached skill level 5 in Throwing
  4814 | D        | Killed a mottled draconian knight
  4814 | D        | Received a gift from Trog
  4881 | D        | Noticed Roxanne
  4918 | D        | Reached skill level 24 in Maces & Flails
  5100 | D        | Noticed Chuck
  5140 | D        | Killed Chuck
  5177 | D        | Noticed Frederick
  5183 | D        | Received a gift from Trog
  5190 | D        | Killed Frederick
  5223 | D        | Noticed a lich
  5230 | D        | Killed a lich
  5239 | D        | Received a gift from Trog
  5250 | D        | Noticed a shadow dragon
  5250 | D        | Noticed a shadow dragon
  5261 | D        | Killed a shadow dragon
  5261 | D        | Received a gift from Trog
  5265 | D        | Killed a shadow dragon
  5265 | D        | Reached XP level 15. HP: 174/174 MP: 3/14
  5359 | D        | Noticed a golden dragon
  5359 | D        | Noticed a fire giant
  5359 | D        | Noticed a titan
  5359 | D        | Noticed a fire giant
  5359 | D        | Noticed a frost giant
  5359 | D        | Noticed a fire giant
  5359 | D        | Noticed a titan
  5366 | D        | Received a gift from Trog
  5367 | D        | Noticed a titan
  5403 | D        | Killed a fire giant
  5414 | D        | Received a gift from Trog
  5420 | D        | Killed a fire giant
  5420 | D        | Received a gift from Trog
  5420 | D        | Reached skill level 25 in Maces & Flails
  5426 | D        | Killed a titan
  5426 | D        | Received a gift from Trog
  5431 | D        | Killed a fire giant
  5453 | D        | Killed a frost giant
  5493 | D        | Killed a titan
  5493 | D        | Received a gift from Trog
  5504 | D        | Reached skill level 10 in Throwing
  5516 | D        | Received a gift from Trog
  5528 | D        | Received a gift from Trog
  5640 | D        | Killed a titan
  5640 | D        | Received a gift from Trog
  5653 | D        | Killed a golden dragon
  5660 | D        | Received a gift from Trog
  5700 | D        | Reached skill level 26 in Maces & Flails
  5702 | D        | Received a gift from Trog
  5795 | D        | Got a silver rune of Zot
  5801 | D        | Received a gift from Trog
  5801 | D        | Received a gift from Trog
  5802 | D        | Got a bloodstained giant spiked club {god gift}
  5803 | D        | Identified the +8 giant spiked club "Yphurghe" {antimagic, *Drain Str+10 SInv} (Trog gifted it to you in the Dungeon)
  5821 | D        | Got a wavering lead amulet
  5822 | D        | Identified the amulet of Relativism {RegenMP rPois} (You acquired it in the Dungeon)
  6079 | D        | Noticed Nellie
  6090 | D        | Killed Nellie
  6104 | D        | Got a demonic rune of Zot
  6166 | D        | Received a gift from Trog
  6166 | D        | Reached skill level 15 in Armour
  6172 | D        | Received a gift from Trog
  6172 | D        | Received a gift from Trog
  6199 | D        | Noticed a deep elf blademaster
  6311 | D        | Received a gift from Trog
  6311 | D        | Received a gift from Trog
  6332 | D        | Killed a deep elf blademaster
  6332 | D        | Received a gift from Trog
  6332 | D        | Reached XP level 16. HP: 173/191 MP: 5/15
  6395 | D        | Got a flickering jade amulet
  6395 | D        | Got a twitching pewter amulet
  6409 | D        | Got a translucent pewter ring
  6413 | D        | Received a gift from Trog
  6441 | D        | Identified the amulet "Sizaemol" {*Slow rF+ MR+ Regen+} (You found it in the Dungeon)
  6442 | D        | Identified the amulet "Xiteehod" {+Rage Int+4 Dex+6} (You found it in the Dungeon)
  6444 | D        | Identified the ring of Seaqurph {Wiz rC+ rN+ Dex+5} (You found it in the Dungeon)
  6462 | D        | Got a faintly glowing scimitar
  6555 | D        | Noticed Azrael
  6562 | D        | Killed Azrael
  6915 | D        | Bought a potion of curing for 36 gold pieces
  6915 | D        | Bought a potion of curing for 36 gold pieces
  6959 | D        | Noticed Boris
  6967 | D        | Killed Boris
  6967 | D        | Received a gift from Trog
  6981 | D        | Received a gift from Trog
  7005 | D        | Noticed Mennas
  7035 | D        | Killed Mennas
  7035 | D        | Received a gift from Trog
  7035 | D        | Reached skill level 1 in Evocations
  7066 | D        | Received a gift from Trog
  7116 | D        | Killed Roxanne
  7116 | D        | Received a gift from Trog
  7117 | D        | Identified Roxanne's Guide on the Mountains (You took it off Roxanne in the Dungeon)
  7134 | D        | Received a gift from Trog
  7170 | D        | Received a gift from Trog
  7327 | D        | Noticed a sphinx
  7327 | D        | Noticed a sphinx
  7334 | D        | Killed a sphinx
  7334 | D        | Received a gift from Trog
  7334 | D        | Reached skill level 27 in Maces & Flails
  7335 | D        | Killed a sphinx
  7335 | D        | Reached skill level 15 in Dodging
  7476 | D        | Received a gift from Trog
  7524 | D        | Received a gift from Trog
  7545 | D        | Received a gift from Trog
  7683 | D        | Noticed a greater mummy
  7683 | D        | Noticed a greater mummy
  7691 | D        | Received a gift from Trog
  7805 | D        | Received a gift from Trog
  7809 | D        | Received a gift from Trog
  8095 | D        | Killed a greater mummy
  8095 | D        | Received a gift from Trog
  8322 | D        | Killed a greater mummy
  8342 | D        | Got a golden rune of Zot
  8356 | D        | Received a gift from Trog
  8369 | D        | Identified a +4 rod of ignition (12/12) (You found it in the Dungeon)
  8407 | D        | Got bloodstained storm dragon scales
  8418 | D        | Identified the +3 storm dragon scales "Mul Loatra" {*Drain rElec rN++ rCorr Stlth+} (You acquired it in the Dungeon)
  8674 | D        | Received a gift from Trog
  8751 | D        | Received a gift from Trog
  8831 | D        | Noticed an acid blob
  8833 | D        | Gained mutation: Potions and wands are less effective at restoring your health. [a shining eye]
  8835 | D        | Gained mutation: You are surrounded by a mild repulsion field. (EV +2) [a shining eye]
  8836 | D        | Gained mutation: Armour fits poorly on your strangely shaped body. [a shining eye]
  8845 | D        | Killed an acid blob
  8845 | D        | Reached XP level 17. HP: 131/205 MP: 5/17
  8852 | D        | Gained mutation: You occasionally shout uncontrollably at your foes. [a shining eye]
  8910 | D        | Found a viscous altar of Jiyva.
  8910 | D        | Noticed the Royal Jelly
  8921 | D        | Noticed an acid blob
  8923 | D        | Noticed an acid blob
  8924 | D        | Noticed an acid blob
  8924 | D        | Noticed an acid blob
  8925 | D        | Killed the Royal Jelly
  8925 | D        | Received a gift from Trog
  8925 | D        | HP: 9/310 [azure jelly[the Royal Jelly] (11)]
  8927 | D        | HP: 3/310 [azure jelly[the Royal Jelly] (6)]
  8927 | D        | Demolished by an azure jelly

Skill      XL: |  1  2  3  4  5  6  7  8  9 10 11 12 13 14 15 16 17 |
---------------+----------------------------------------------------+-----
Maces & Flails | 3 4 5 6 9 11 12 14 17 19 20 22 24 26 27 | 27.0
Fighting       | 3 4 5 7 8 9 10 11 12 14 15 17 19 22 | 22.6
Dodging        | 3 4 5 7 8 9 10 12 16 17 | 17.1
Stealth        | 1 2 3 4 5 6 7 |  7.5
Throwing       | 1 8 12 14 | 14.6
Armour         | 3 9 13 15 19 20 | 20.0
Evocations     | 2 |  2.3

Action                   |  1- 3 |  4- 6 |  7- 9 | 10-12 | 13-15 | 16-18 || total
-------------------------+-------+-------+-------+-------+-------+-------++-------
Melee: Mace              |    33 |    25 |    14 |       |       |       ||    72
       Whip              |       |       |    10 |       |       |       ||    10
       Dire flail        |       |       |    39 |       |       |       ||    39
       Giant club        |       |       |    10 |    18 |       |       ||    28
       Great mace        |       |       |       |   253 |       |       ||   253
       Giant spiked club |       |       |       |    42 |   421 |   214 ||   677
Throw: Tomahawk          |       |       |     1 |     1 |     6 |       ||     8
       Javelin           |       |       |       |       |    27 |       ||    27
       Large rock        |       |       |       |       |    55 |    29 ||    84
Invok: Berserk           |     1 |     3 |     2 |     4 |     2 |     3 ||    15
       Burn Spellbooks   |       |     1 |       |       |     1 |     3 ||     5
       Brothers in Arms  |       |       |     1 |     9 |    10 |    10 ||    30
       Trog's Hand       |       |       |     1 |     2 |       |     7 ||    10
Evoke: Wand              |       |       |       |       |     1 |     3 ||     4
  Use: Potion            |       |     2 |       |     2 |     8 |     7 ||    19
       Scroll            |       |       |       |     8 |     5 |    12 ||    25
 Stab: Sleeping          |     1 |       |     3 |     2 |       |       ||     6
       Distracted        |       |       |       |     4 |     1 |       ||     5
       Held in net/web   |       |       |       |       |     4 |       ||     4
  Eat: Chunk             |     1 |     4 |    15 |    22 |    43 |     1 ||    86
       Bread ration      |       |       |       |       |       |     2 ||     2
       Royal jelly       |       |       |       |       |       |     2 ||     2
       Beef jerky        |       |       |       |       |       |     2 ||     2
       Meat ration       |       |       |       |       |       |     1 ||     1
       Pizza             |       |       |       |       |       |     1 ||     1
Armor: Animal skin       |     6 |     1 |     5 |       |       |       ||    12
       Robe              |       |       |    10 |    48 |       |       ||    58
       Gold dragon scale |       |       |       |    31 |   355 |   112 ||   498
       Storm dragon scal |       |       |       |       |       |    17 ||    17
Dodge: Dodged            |    20 |     4 |    32 |   170 |   119 |   127 ||   472
Block: Other             |       |     4 |     8 |    34 |    43 |    67 ||   156
       Reflection        |       |       |       |       |       |     7 ||     7
